 Dungeon Crawl Stone Soup version 0.23-a0-650-ga4d50d4 (webtiles) character file.

2033 Porphry the Poker (level 9, -7/70 HPs)
             Began as a Centaur Chaos Knight on Jan 4, 2019.
             Was a Plaything of Xom.
             Mangled by an orc knight
             ... wielding a +0 battleaxe
              (22 damage)
             ... in a bailey on Jan 5, 2019.
             The game lasted 00:22:18 (7952 turns).

Porphry the Poker (Centaur Chaos Knight)            Turns: 7952, Time: 00:22:19

Health: -7/70      AC:  9    Str: 13      XL:     9   Next: 3%
Magic:  9/9        EV: 14    Int: 11      God:    Xom [*.....]
Gold:   411        SH:  0    Dex:  9 (11) Spells: 5/8 levels left

rFire    . . .     SeeInvis .   x - +10 hand axe "Ogreslayer" {pain, rPois}
rCold    . . .     Gourm    .   (no shield)
rNeg     . . .     Faith    +   s - +2 leather armour
rPois    +         Spirit   .   m - +0 helmet
rElec    .         Reflect  .   h - +0 cloak
rCorr    .         Harm     .   (no gloves)
MR       ++...     Rnd*Rage +   (no barding)
Stlth    +++.......             y - amulet of faith
HPRegen  0.21/turn              v - ring of stealth
MPRegen  0.11/turn              (no ring)

@: agile, cleaving, very quick
A: large, hooves 3, berserk 1, blurry vision 1, clumsy 2, deformed body, speed
2, frail 1, magic resistance 2, tough skin 3, weak 2
a: Renounce Religion


You were in a bailey.
You worshipped Xom.
You were a special plaything of Xom.
You were not hungry.

You visited 1 branch of the dungeon, and saw 7 of its levels.
You also visited: Bailey.

You collected 411 gold pieces.

Inventory:

Hand Weapons
 a - a +0 spear of chaos
 b - a +1 blowgun
 x - the +10 hand axe "Ogreslayer" (weapon) {pain, rPois}
   (You found it on level 5 of the Dungeon)

   In the hands of one skilled in necromantic magic, it inflicts extra damage on
   living creatures.
   It protects you from poison.
 C - a +2 spear of piercing
Missiles
 l - 9 tomahawks (quivered)
 t - 41 poisoned needles
 u - 3 curare-tipped needles
 F - 26 tomahawks of returning
Armour
 h - a +0 cloak (worn)
 k - a +0 chain mail
 m - a +0 helmet (worn)
 s - a +2 leather armour (worn)
Jewellery
 v - a ring of stealth (left hand)
 y - an amulet of faith (around neck)
Wands
 D - a wand of disintegration (10)
Scrolls
 g - 3 scrolls of teleportation
 j - 6 scrolls of amnesia
 n - a scroll of blinking
 o - 2 scrolls of fear
 p - a scroll of immolation
 r - 3 scrolls of enchant weapon
 w - a scroll of remove curse
Potions
 d - a potion of berserk rage
 f - a potion of lignification
 i - a potion of agility
 q - a potion of invisibility {unknown}
 z - a potion of heal wounds {unknown}
 A - a potion of ambrosia {unknown}
 E - a potion of haste {unknown}
Comestibles
 c - 13 rations
 B - 8 chunks of flesh


   Skills:
 + Level 6.4 Fighting
 - Level 1.5(5.1) Axes
 + Level 7.8(7.9) Polearms
 + Level 2.6 Throwing
 - Level 4.3 Armour
 - Level 0.6 Dodging
 - Level 0.6 Stealth


You had 5 spell levels left.
You knew the following spells:

 Your Spells              Type           Power        Failure   Level  Hunger
a - Conjure Flame         Conj/Fire      #.......     78%         3    ####...

Your spell library contained the following spells:

 Spells                   Type           Power        Failure   Level  Hunger
 Flame Tongue             Conj/Fire      #....        41%         1    ##.....
 Throw Flame              Conj/Fire      #.....       54%         2    ###....
 Inner Flame              Hex/Fire       #.......     78%         3    ####...
 Sticky Flame             Conj/Fire      #.......     99%         4    #####..
 Fireball                 Conj/Fire      #.........   100%        5    ######.


Dungeon Overview and Level Annotations

Branches:
Dungeon (7/15)             Temple (0/1) D:7

Altars:
Dithmenos
Gozag
Makhleb
Sif Muna
Xom
Zin
The Shining One

Shops:
D:4 [

Annotations:
D:3 exclusion: downstairs


Innate Abilities, Weirdness & Mutations

You have hooves in place of feet.
Armour fits poorly on your strangely shaped body.
You cover ground very quickly.
You have extremely tough skin. (AC +3)
You tend to lose your temper in combat.
Scrolls take you a little longer to read.
You are very clumsy. (Dex -4)
You are frail. (-10% HP)
You are highly resistant to hostile enchantments. (MR++)
You are very weak. (Str -4)


Message History

The orc knight hits you with a +0 battleaxe!
You hit the orc knight.
The orc knight is moderately wounded.
You slash the goblin!
You kill the goblin!
You feel agile all of a sudden. "Go forth and cause havoc, mortal!"
The +10 hand axe "Ogreslayer" {pain, rPois} looks sharp (like it always does).
The orc knight hits you with a +0 battleaxe.
* * * LOW HITPOINT WARNING * * *
You closely miss the orc knight.
The orc knight is moderately wounded.
The orc knight hits you with a +0 battleaxe.
* * * LOW HITPOINT WARNING * * *
You closely miss the orc knight.
You kick the orc knight, but do no damage.
The orc knight is moderately wounded.
The orc knight hits you with a +0 battleaxe!!
You die...
Xom cackles wildly!

####.........#####
...##.).....##...##
....##†....##.....##
.8...##'''##...8...##
..........))........##
.......).............#
.8..........†..8..8..#
.............)†......#
...####...####@)....##
..##≈≈#####g≈##o...##♣
..#≈)!8..o8?}≈#...##.♣
#≈.........≈#'###..♣♣
#≈..8...8..≈#.≈≈≈K..♣
##.........##.≈≈≈...♣
≈....∩....≈#(≈≈≈K..∩
#.≈≈≈K..♣ #.≈≈≈...♣


You could see an orc knight.

Vanquished Creatures
  Prince Ribbit (D:5)
  An ice beast (D:5)
  A phantom (D:4)
  An ogre (D:4)
  A necrophage (D:5)
  2 centaurs
  A gnoll sergeant (D:6)
  2 scorpions
  A bullfrog zombie (D:5)
  A centaur zombie (D:5)
  A jelly (D:5)
  5 hounds
  5 orc wizards
  3 orc priests
  A bullfrog skeleton (D:5)
  Jessica (D:2)
  Terence (D:2)
  An iguana (D:4)
  7 worker ants
  A hound zombie (D:5)
  A worker ant zombie (D:5)
  9 adders
  15 gnolls
  A shadow imp (D:5)
  2 oozes
  An adder skeleton (D:7)
  2 worms
  4 dart slugs (D:1)
  5 leopard geckos
  14 orcs
  13 bats
  A giant cockroach (D:2)
  12 goblins
  9 hobgoblins
  7 jackals
  13 kobolds
  2 quokkas
  A ball python (D:1)
  3 frilled lizards
  A jackal skeleton (D:4)
  A leopard gecko skeleton (D:6)
  A leopard gecko zombie (D:7)
  8 rats
164 creatures vanquished.

Vanquished Creatures (collateral kills)
  A gnoll (D:6)
1 creature vanquished.

Grand Total: 165 creatures vanquished

Notes
Turn   | Place    | Note
-------+----------+-------------------------------------------
     0 | D:1      | Porphry the Centaur Chaos Knight began the quest for the
                  | Orb.
     0 | D:1      | Reached XP level 1. HP: 19/19 MP: 1/1
    34 | D:1      | Reached XP level 2. HP: 22/26 MP: 2/2
    65 | D:1      | Reached skill level 3 in Polearms
   822 | D:1      | XOM: divination: magic mapping
   881 | D:1      | Reached XP level 3. HP: 28/31 MP: 3/3
   883 | D:1      | XOM: potion effect (agility)
   929 | D:2      | Noticed Terence
   930 | D:2      | XOM: mild Ice miscast
   937 | D:2      | Killed Terence
  1097 | D:2      | Found an opulent altar of Gozag.
  1097 | D:2      | Noticed Jessica
  1104 | D:2      | Killed Jessica
  1104 | D:2      | Reached XP level 4. HP: 40/40 MP: 4/4
  1444 | D:3      | XOM: summons 2 hostile demons
  1449 | D:3      | XOM: mild Hex miscast
  1453 | D:3      | Reached skill level 4 in Polearms
  1456 | D:3      | Reached XP level 5. HP: 44/46 MP: 5/5
  1586 | D:3      | Found a glowing silver altar of Zin.
  1718 | D:3      | XOM: harmless Summ miscast
  2148 | D:3      | XOM: summons 3 hostile shadow creatures
  2208 | D:3      | Found a deep blue altar of Sif Muna.
  2338 | D:3      | XOM: give mutations
  2338 | D:3      | Gained mutation: You are weak. (Str -2) [Xom's mischief]
  2338 | D:3      | Gained mutation: You tend to lose your temper in combat.
                  | [Xom's mischief]
  2338 | D:3      | Gained mutation: You are very weak. (Str -4) [Xom's
                  | mischief]
  2368 | D:3      | XOM: harmless Fire miscast
  2550 | D:4      | XOM: 1-stop teleportation journey
  2571 | D:3      | XOM: divination: detect items
  2578 | D:3      | Reached XP level 6. HP: 26/52 MP: 6/6
  2666 | D:4      | Reached skill level 5 in Polearms
  2707 | D:4      | XOM: divination: detect items
  2735 | D:4      | XOM: summons friendly white imp
  2885 | D:3      | XOM: harmless Chrm miscast
  3355 | D:4      | XOM: mild Chrm miscast
  3427 | D:4      | Found Gidghe's Armour Emporium.
  3436 | D:4      | Reached XP level 7. HP: 60/60 MP: 7/7
  3574 | D:4      | XOM: harmless Tmut miscast
  3706 | D:4      | XOM: scenery: create altars
  3755 | D:4      | XOM: scenery: create altars
  3756 | D:4      | XOM: confuse monster(s)
  3760 | D:4      | Reached skill level 6 in Polearms
  3875 | D:4      | HP: 3/60 [ogre/+0 giant club (8)]
  3913 | D:4      | XOM: scenery: create altars
  3960 | D:4      | XOM: give mutations
  3960 | D:4      | Gained mutation: You are agile. (Dex +2) [Xom's grace]
  3960 | D:4      | Gained mutation: You are resistant to hostile enchantments.
                  | (MR+) [Xom's grace]
  4052 | D:4      | XOM: cloud trail
  4068 | D:4      | XOM: give mutations
  4068 | D:4      | Lost mutation: You are agile. (Dex +2) [Xom's mischief]
  4068 | D:4      | Gained mutation: Scrolls take you a little longer to read.
                  | [Xom's mischief]
  4068 | D:4      | Gained mutation: You are clumsy. (Dex -2) [Xom's mischief]
  4068 | D:4      | Lost mutation: Scrolls take you a little longer to read.
                  | [Xom's mischief]
  4079 | D:4      | XOM: smoke on damage
  4186 | D:4      | Reached skill level 5 in Fighting
  4521 | D:4      | Found a burning altar of Makhleb.
  4657 | D:4      | XOM: chaos cloud
  4658 | D:4      | HP: 2/61 [orc priest/divine providence (13)]
  4861 | D:4      | HP: 3/61 [gnoll/+0 club of chaos (24)]
  5191 | D:4      | Found a shimmering altar of Xom.
  5282 | D:4      | XOM: harmless Summ miscast
  5300 | D:5      | Entered Level 5 of the Dungeon
  5304 | D:5      | Reached XP level 8. HP: 65/68 MP: 8/8
  5366 | D:5      | Reached skill level 1 in Throwing
  5370 | D:5      | Reached skill level 7 in Polearms
  5816 | D:5      | XOM: polymorph centaur -> hound
  5899 | D:5      | Noticed Prince Ribbit
  5903 | D:5      | XOM: 2-stop teleportation journey
  5944 | D:5      | Killed Prince Ribbit
  6087 | D:5      | XOM: give mutations
  6087 | D:5      | Gained mutation: You are highly resistant to hostile
                  | enchantments. (MR++) [Xom's mischief]
  6087 | D:5      | Gained mutation: You are very clumsy. (Dex -4) [Xom's
                  | mischief]
  6087 | D:5      | Gained mutation: Scrolls take you a little longer to read.
                  | [Xom's mischief]
  6087 | D:5      | Gained mutation: You are frail. (-10% HP) [Xom's mischief]
  6318 | D:5      | Got a crystal hand axe
  6319 | D:5      | Identified the +10 hand axe "Ogreslayer" {pain, rPois} (You
                  | found it on level 5 of the Dungeon)
  6324 | D:5      | Learned a level 3 spell: Conjure Flame
  6336 | D:5      | Found a shadowy altar of Dithmenos.
  6359 | D:5      | XOM: noise
  6409 | D:5      | XOM: summons 4 hostile demons
  6888 | D:6      | XOM: noise
  6949 | D:6      | Reached skill level 1 in Axes
  6998 | D:6      | XOM: medium Tmut miscast
  7087 | D:6      | XOM: harmless Necr miscast
  7200 | D:6      | Found a glowing golden altar of the Shining One.
  7220 | D:6      | XOM: confusion
  7223 | D:6      | XOM: summons 4 friendly demons
  7234 | D:6      | Reached XP level 9. HP: 14/67 MP: 9/9
  7371 | D:6      | XOM: mild Hex miscast
  7739 | D:7      | Found a staircase to the Ecumenical Temple.
  7800 | D:7      | Found a flagged portal.
  7814 | Bailey   | Entered a bailey
  7819 | Bailey   | Noticed an orc warlord
  7924 | Bailey   | Noticed an orc knight
  7946 | Bailey   | XOM: swap monsters
  7950 | Bailey   | XOM: cleaving
  7952 | Bailey   | Mangled by an orc knight

Vault maps used:
D:1:      dpeg_arrival_more_subterranean_lakeside_camping
D:2:      nicolae_gozag_seed_capital, uniq_jessica, uniq_terence
D:3:      minmay_spotlight, overflow_temple_1_default, first_ration,
          led_sif_pool
D:4:      kennysheep_little_box, tgw_xom, serial_shops, shop_fountains,
          minmay_between
D:5:      grunt_dithmenos_smoke_and_mirrors, mrwooster_statue_mirror,
          uniq_prince_ribbit1
D:6:      overflow_temple_1_default
D:7:      minmay_temple_entry_mini_moons, enter_bailey_3
Bailey:   bailey_axe_bossmonster_kennysheep, bailey

Skill      XL: |  1  2  3  4  5  6  7  8 |
---------------+-------------------------+-----
Polearms       | 3 4 5 6 7 |  7.8
Fighting       | 4 5 6 |  6.4
Armour         | 2 3 4 |  4.3
Throwing       | 2 |  2.6
Axes           | 1 |  1.5
Dodging        | |  0.6
Stealth        | |  0.6

Action                   |  1- 3 |  4- 6 |  7- 9 || total
-------------------------+-------+-------+-------++-------
Melee: Spear             |    79 |   252 |   239 ||   570
       Kick              |     7 |    47 |    42 ||    96
       Hand axe          |       |       |   116 ||   116
 Fire: Blowgun           |       |       |    12 ||    12
  Use: Potion            |       |       |     3 ||     3
       Scroll            |       |       |    12 ||    12
 Stab: Sleeping          |     2 |       |     2 ||     4
       Paralysed         |     1 |     3 |     4 ||     8
       Petrified         |       |     3 |       ||     3
       Confused          |       |       |     3 ||     3
  Eat: Chunk             |       |     6 |     9 ||    15
       Ration            |       |       |     1 ||     1
Armor: Leather armour    |    18 |    87 |   165 ||   270
Dodge: Dodged            |    23 |    77 |   145 ||   245

Table legend:
 A = Non-vault XP
 B = Vault XP
 C = Vault XP percentage of total XP
 D = Non-vault monster count
 E = Vault monster count
 F = Vault count percentage of total count
                 A         B        C        D         E       F
            +---------+---------+-------+---------+---------+-------
      Total |    2246 |     659 |  22.7 |     135 |      30 |  18.2
            +---------+---------+-------+---------+---------+-------
        D:1 |      46 |       0 |   0.0 |      24 |       0 |   0.0
        D:2 |      15 |      73 |  83.0 |       9 |       2 |  18.2
        D:3 |     251 |      23 |   8.4 |      31 |       5 |  13.9
        D:4 |     746 |     251 |  25.2 |      26 |       6 |  18.8
        D:5 |     825 |     283 |  25.5 |      21 |       1 |   4.5
        D:6 |     341 |       0 |   0.0 |      20 |       0 |   0.0
        D:7 |      22 |       7 |  24.1 |       4 |       4 |  50.0
     Bailey |       0 |      22 | 100.0 |       0 |      12 | 100.0
            +---------+---------+-------+---------+---------+-------
